 Dungeon Crawl Stone Soup version 0.26-a0-1106-g6dfc622489 (webtiles) character file.

Game seed: 226233833291219047

4708 tma the Grappler (level 10, -3/91 HPs)
             Began as a Troll Monk on Dec 4, 2020.
             Was a Believer of Trog.
             Killed from afar by an electric eel (9 damage)
             ... with a bolt of electricity
             ... on level 8 of the Dungeon on Dec 16, 2020.
             The game lasted 00:57:57 (6890 turns).

tma the Grappler (Troll Monk)                       Turns: 6890, Time: 00:57:57

Health: -3/91      AC:  6    Str: 22    XL:     10   Next: 22%
Magic:  9/9        EV: 15    Int:  6    God:    Trog [**....]
Gold:   270        SH:  0    Dex: 20    Spells: 9/9 levels left

rFire    . . .     SeeInvis .   C - +1 giant spiked club
rCold    . . .     Faith    .   (shield currently unavailable)
rNeg     . . .     Spirit   .   (armour restricted)
rPois    .         Reflect  .   (helmet restricted)
rElec    .         Harm     .   l - +1 cloak
rCorr    .         Rampage  .   (gloves unavailable)
Will     ++...                  (boots unavailable)
Stlth    ++........             i - amulet of the acrobat
HPRegen  1.65/turn              m - +4 ring of slaying
MPRegen  0.11/turn              j - +6 ring of dexterity

@: regenerating
A: large, unfitting armour, claws 3, regeneration 1, shaggy fur 1, tough skin 3
a: Berserk, Trog's Hand, Renounce Religion


You were on level 8 of the Dungeon.
You worshipped Trog.
Trog was pleased with you.
You visited 2 branches of the dungeon, and saw 9 of its levels.

You collected 270 gold pieces.

Inventory:

Hand Weapons
 C - a +1 giant spiked club (weapon)
Missiles
 c - 18 poisoned darts (quivered)
 e - a throwing net
 s - 80 stones
Armour
 a - a +2 robe
 f - a scarf of harm
 g - a +0 kite shield
 l - a +1 cloak (worn)
Jewellery
 i - an amulet of the acrobat (around neck)
 j - a +6 ring of dexterity (right claw)
 m - a +4 ring of slaying (left claw)
 r - an uncursed ring of fire
 z - a +6 ring of intelligence {unknown}
Wands
 o - a wand of disintegration (9)
 x - a wand of random effects (12)
 y - a wand of flame (20)
Scrolls
 b - 3 scrolls of magic mapping
 d - 3 scrolls of remove curse
 k - 3 scrolls of identify
 n - a scroll of teleportation
 p - a scroll of fog
 v - 2 scrolls of blinking {unknown}
 w - a scroll of random uselessness {unknown}
 B - a scroll of acquirement {unknown}
Potions
 h - 3 potions of curing
 u - a potion of degeneration {unknown}
 A - 2 potions of brilliance {unknown}


   Skills:
 + Level 3.6 Fighting
 + Level 0.1 Maces & Flails
 + Level 2.9 Throwing
 + Level 6.7 Dodging
 + Level 2.5 Stealth
 + Level 4.3 Shields
 + Level 10.5 Unarmed Combat
 + Level 0.3 Evocations


You had 9 spell levels left.
You didn't know any spells.
Your spell library was empty.

Dungeon Overview and Level Annotations

Branches:
Dungeon (8/15)             Temple (1/1) D:7
   Lair: D:8-11

Altars:
Ashenzari
Dithmenos
Elyvilon
Fedhas
Gozag
Hepliaklqana
Kikubaaqudgha
Makhleb
Nemelex Xobeh
Okawaru
Qazlal
Ru
Trog
Uskayaw
Vehumet
Wu Jian
Xom
Zin
The Shining One

Annotations:
D:3 Robin


Innate Abilities, Weirdness & Mutations

You are too large for most types of armour.
You have claws for hands.
Your natural rate of healing is unusually fast.
You are covered in fur. (AC +1)
You have extremely tough skin. (AC +3)


Message History

The electric eel is heavily wounded.
The electric eel shoots out a bolt of lightning at you!
The bolt of electricity hits you! The bolt of electricity hits you.
* * * LOW HITPOINT WARNING * * *
The bolt of electricity hits the electric eel.
The electric eel completely resists.
The electric eel shoots out a bolt of lightning at you!
The bolt of electricity misses you.
The electric eel shoots out a bolt of lightning at you!
The bolt of electricity hits you!
* * * LOW HITPOINT WARNING * * *
The bolt of electricity hits you!
* * * LOW HITPOINT WARNING * * *
The bolt of electricity hits the electric eel.
The electric eel completely resists.
Your skin crawls.
You feel strong-willed.
The electric eel shoots out a bolt of lightning at you!
The bolt of electricity hits you!
You die...

#.####♣♣
# #.# #
#.# P≈ ##
#.# ≈≈≈
#. #.#
≈≈≈≈ #.
#.# ♣≈≈≈≈
♣#.
#†#≈≈≈≈≈≈
♣..
#.#≈≈≈≈≈≈
♣.# #@;≈♣
≈P.#
#.;♣≈≈≈≈≈
≈PP♣≈#
#.≈♣ ≈≈≈≈
≈≈≈≈♣P≈#
#.≈≈≈ ≈≈≈
≈≈≈≈ ≈≈#
##≈♣♣≈≈≈≈
≈;≈ P♣♣#
♣♣ ≈≈≈ ≈≈
≈ ♣. ≈≈
≈PP♣# ≈
≈≈≈≈P♣# ≈
≈≈ ≈≈#


You could see 2 electric eels.

Vanquished Creatures
  Harold (D:8)
  The ghost of rlgrobin the Covert, a novice KoDe (D:6)
  Edmund (D:5)
  An orc warrior (D:8)
  3 ice beasts
  2 sky beasts (D:7)
  3 phantoms
  3 ogres
  5 centaurs
  5 bullfrogs
  A big kobold (D:7)
  3 scorpions
  6 killer bees (D:7)
  A water moccasin skeleton (D:8)
  4 howler monkeys (D:7)
  2 bullfrog zombies
  5 quasits (D:6)
  2 hounds
  9 orc wizards
  2 orc priests
  2 iguanas
  3 worker ants
  2 hound zombies
  2 worker ant zombies
  A howler monkey zombie (D:6)
  4 gnolls (D:2)
  9 adders
  A white imp (D:5)
  4 ufetubi
  An ooze (D:2)
  An adder skeleton (D:4)
  3 worms (D:2)
  A dart slug (D:2)
  A leopard gecko (D:5)
  31 orcs
  4 giant cockroaches
  16 goblins
  5 hobgoblins
  7 jackals
  10 kobolds
  A quokka (D:6)
  3 bats
  4 frilled lizards
  6 rats
182 creatures vanquished.

Vanquished Creatures (others)
  14 plants (D:8)
14 creatures vanquished.

Grand Total: 196 creatures vanquished

Notes
Turn   | Place    | Note
-------+----------+-------------------------------------------
     0 | D:1      | tma the Troll Monk began the quest for the Orb.
     0 | D:1      | Reached XP level 1. HP: 22/22 MP: 0/0
    62 | D:1      | Upgraded the game from 0.26-a0-969-g2c58977ddd to
                  | 0.26-a0-1106-g6dfc622489
   249 | D:1      | Reached XP level 2. HP: 29/29 MP: 1/1
   466 | D:2      | Reached XP level 3. HP: 34/36 MP: 2/2
   479 | D:2      | Reached XP level 4. HP: 22/45 MP: 3/3
   991 | D:2      | Reached skill level 4 in Unarmed Combat
  1175 | D:3      | Noticed Robin
  1335 | D:3      | Reached XP level 5. HP: 53/53 MP: 4/4
  1370 | D:3      | Found a radiant altar of Vehumet.
  1683 | D:3      | Reached skill level 5 in Unarmed Combat
  1697 | D:3      | Found a burning altar of Makhleb.
  1899 | D:4      | Noticed an ogre
  1908 | D:4      | Killed an ogre
  1909 | D:4      | Reached XP level 6. HP: 42/61 MP: 5/5
  2007 | D:4      | Found a shimmering altar of Xom.
  2337 | D:5      | Entered Level 5 of the Dungeon
  2354 | D:5      | Reached skill level 6 in Unarmed Combat
  2520 | D:5      | Reached XP level 7. HP: 32/67 MP: 6/6
  3561 | D:5      | Noticed Edmund
  3572 | D:5      | Killed Edmund
  3573 | D:5      | Reached skill level 1 in Shields
  3573 | D:5      | Reached skill level 7 in Unarmed Combat
  3793 | D:6      | Found a transporter.
  3827 | D:6      | Noticed rlgrobin's ghost (novice KoDe)
  3842 | D:6      | Reached XP level 8. HP: 75/75 MP: 7/7
  3909 | D:6      | Found a transporter.
  4201 | D:6      | Killed rlgrobin's ghost
  4202 | D:6      | Reached skill level 5 in Dodging
  4202 | D:6      | Reached skill level 8 in Unarmed Combat
  4443 | D:6      | Found a shimmering altar of Xom.
  4706 | D:7      | Reached XP level 9. HP: 75/83 MP: 8/8
  5006 | D:7      | Reached skill level 9 in Unarmed Combat
  5028 | D:7      | Reached skill level 1 in Throwing
  5738 | D:7      | Found a staircase to the Ecumenical Temple.
  5828 | Temple   | Entered the Ecumenical Temple
  6034 | Temple   | Became a worshipper of Trog the Wrathful
  6034 | Temple   | Reached * piety under Trog
  6034 | Temple   | Reached ** piety under Trog
  6105 | D:8      | Found a glowing golden altar of the Shining One.
  6105 | D:8      | Found an ancient bone altar of Kikubaaqudgha.
  6106 | D:8      | Found a sparkling altar of Nemelex Xobeh.
  6285 | D:8      | Reached skill level 10 in Unarmed Combat
  6558 | D:8      | Noticed Harold
  6572 | D:8      | Killed Harold
  6573 | D:8      | Reached XP level 10. HP: 40/91 MP: 9/9
  6889 | D:8      | HP: 4/91 [electric eel/bolt of electricity (12)]
  6890 | D:8      | Killed from afar by an electric eel

Illustrated notes

Levels and vault maps discovered:
D:1:      dpeg_arrival_central, layout_basic
D:2:      layout_loops_corners, old_standard_altar
D:3:      layout_rooms, marbit_many_paths, chequers_ecumenical_altar_island,
          makhleb_blood_cavern_becter, uniq_robin
D:4:      layout_rooms, lemuel_round_altar, kennysheep_mini, hex_medium
D:5:      layout_loops_ring, corexii_checkpoint_b, grunt_tough_drop,
          uniq_crazy_yiuf_cottage, uniq_edmund
D:6:      layout_cave_pools, gammafunk_ghost_stat_death, xom_teletrap_fun
D:7:      layout_basic, minmay_temple_entry_statues
D:8:      layout_loops_ring, slow_altar_2,
          chequers_temple_overflow_statue_of_worship, serial_bayou_lake_a,
          uniq_harold
Temple:   nicolae_temple_figure_eight

Skill      XL: |  1  2  3  4  5  6  7  8  9 |
---------------+----------------------------+-----
Dodging        | 3 4 5 6 |  6.7
Fighting       | 3 |  3.6
Unarmed Combat | 4 5 6 7 8 10 | 10.5
Shields        | 1 3 4 |  4.3
Stealth        | 2 |  2.5
Throwing       | 2 |  2.9
Maces & Flails | |  0.1
Evocations     | |  0.3

Action                   |  1- 3 |  4- 6 |  7- 9 | 10-12 || total
-------------------------+-------+-------+-------+-------++-------
Melee: Unarmed           |    46 |   160 |   331 |     5 ||   542
       Punch             |       |     1 |       |       ||     1
       Giant spiked club |       |       |       |    10 ||    10
Throw: Stone             |       |       |    52 |       ||    52
       Dart              |       |       |    13 |       ||    13
Invok: Trog's Hand       |       |       |       |     1 ||     1
Evoke: Wand              |       |       |     2 |       ||     2
  Use: Scroll            |       |     9 |     4 |     2 ||    15
       Potion            |       |     2 |     2 |       ||     4
 Stab: Sleeping          |     1 |     4 |     2 |       ||     7
Armor: Robe              |    10 |    44 |   101 |       ||   155
       Skin              |       |       |     5 |     2 ||     7
Dodge: Dodged            |    21 |    61 |   152 |     5 ||   239
Block: Kite shield       |       |    25 |   170 |     2 ||   197

Table legend: (Time is in decaauts)
 A = Elapsed time spent in this place.
 B = Non-inter-level travel time spent in this place.
 C = Inter-level travel time spent in this place.
 D = Time resting spent in this place.
 E = Time spent auto-exploring this place.
 F = Levels seen in this place.
 G = Mean time per level.
                   A        B        C        D        E       F      G
               +--------+--------+--------+--------+--------+-----+--------+
         Total |   6864 |   6852 |     12 |   1103 |      0 |   9 |  762.7 |
       Dungeon |   6631 |   6619 |     12 |   1103 |      0 |   8 |  828.9 |
        Temple |    233 |    233 |      0 |      0 |      0 |   1 |  233.0 |
               +--------+--------+--------+--------+--------+-----+--------+

Top non-repeatable levels by time:
     D:5: 1411 daAuts
     D:7: 1157 daAuts
     D:6: 920 daAuts
     D:8: 813 daAuts
     D:2: 760 daAuts
     D:3: 694 daAuts
     D:4: 466 daAuts
     D:1: 406 daAuts
  Temple: 233 daAuts
